 Dungeon Sprint DCSS version 0.27-a0-1139-g28e009f8a6 (webtiles) character file.

Game seed: 7604377179787117327

4880 Zeld the Arsonist (level 10, -3/73 HPs)
             Began as an Octopode Fire Elementalist on May 7, 2021.
             Was a High Priest of Sif Muna.
             Slain by a fire elemental (9 damage)
             ... in the Dungeon (Sprint V: "Ziggurat Sprint").
             The game lasted 00:04:11 (1678 turns).

Zeld the Arsonist (Octopode Fire Elementalist)      Turns: 1678, Time: 00:04:12

Health: -3/73      AC:  1    Str:  7    XL:     10   Next: 50%
Magic:  8/22       EV: 20    Int: 34    God:    Sif Muna [*****.]
Gold:   0          SH:  0    Dex: 12    Spells: 7/26 levels left

rFire    . . .     SeeInvis .   (no weapon)
rCold    . . .     Faith    .   (no shield)
rNeg     . . .     Spirit   .   (helmet restricted)
rPois    .         Reflect  .   g - amulet of regeneration
rElec    .         Harm     .   q - +6 ring of intelligence
rCorr    +         Rampage  .   r - +6 ring of intelligence
Will     +....     NoTele   +   y - +4 ring of evasion
Stlth    +++.......             B - ring "Lumiehau" {Will+ rCorr}
HPRegen  1.22/turn              (no ring)
MPRegen  0.18/turn              (no ring)
                                (no ring)
                                (no ring)

@: no status effects
A: almost no armour, amphibious, 8 rings, camouflage 1, gelatinous body 1,
(nimble swimmer 1), tentacles
a: Renounce Religion, Channel Magic, Forget Spell, Divine Exegesis


You were in the Dungeon.
You worshipped Sif Muna.
Sif Muna was extremely pleased with you.
You visited 1 branch

Inventory:

Armour
 w - a +3 tower shield
Jewellery
 g - an amulet of regeneration (around mantle)
 q - a +6 ring of intelligence (left tentacle)
 r - a +6 ring of intelligence (right tentacle)
 y - a +4 ring of evasion (on tentacle)
 B - the ring "Lumiehau" (on tentacle) {Will+ rCorr}
   (You found it in the Dungeon)

   [ring of resist corrosion]

   It protects you from acid and corrosion.
   It increases your willpower.
Wands
 s - a wand of mindburst (7)
 t - a wand of iceblast (5)
 u - a wand of acid (2)
Scrolls
 j - a scroll of brand weapon
 l - 4 scrolls of amnesia
 m - 7 scrolls of fog
 n - a scroll of holy word
 o - 5 scrolls of identify
Potions
 a - 2 potions of brilliance
 b - 10 potions of curing
 c - 6 potions of heal wounds
 d - 6 potions of haste
 e - 7 potions of magic
 f - 3 potions of berserk rage
 h - 2 potions of invisibility
 i - 4 potions of resistance
 k - 5 potions of might
Miscellaneous
 v - a lightning rod (4/4)
 x - a piece from Xom's chessboard (15/15)
 z - a piece from Xom's chessboard (15/15)
 A - a box of beasts (inert)
 C - a condenser vane


   Skills:
 + Level 8.4 Fighting
 + Level 8.6 Dodging
 - Level 2.6 Stealth
 + Level 8.7 Spellcasting
 + Level 9.1 Conjurations
 * Level 13.0 Fire Magic
 * Level 12.6 Invocations


You had 7 spell levels left.
You knew the following spells:

 Your Spells              Type           Power      Damage    Failure   Level
a - Foxfire               Conj/Fire      100%       2x1d9     1%          1
b - Conjure Flame         Conj/Fire      74%        6-21      1%          3
c - Sticky Flame          Conj/Fire      74%        2d9       1%          4
d - Fireball              Conj/Fire      37%        3d15      1%          5
e - Starburst             Conj/Fire      37%        8x6d11    4%          6

Your spell library contained the following spells:

 Spells                   Type           Power      Damage    Failure   Level
 Magic Dart               Conj           100%       1d8       1%          1
 Static Discharge         Conj/Air       45%        N/A       1%          2
 Ignite Poison            Fire/Tmut/Pois 44%        N/A       1%          3
 Inner Flame              Hex/Fire       56%        N/A       1%          3
 Mephitic Cloud           Conj/Pois/Air  35%        N/A       2%          3
 Apportation              Tloc           28%        N/A       3%          1
 Blink                    Tloc           N/A        N/A       4%          2
 Call Imp                 Summ           14%        N/A       4%          2
 Slow                     Hex            14%        N/A       4%          2
 Iskenderun's Mystic Bla  Conj/Tloc      45%        2d10      4%          4
 Summon Lightning Spire   Summ/Air       14%        N/A       30%         4
 Orb of Destruction       Conj           33%        9d12      52%         7
 Conjure Ball Lightning   Conj/Air       22%        3x3d6     56%         6
 Iron Shot                Conj/Erth      22%        9d5       56%         6
 Manifold Assault         Tloc           14%        N/A       63%         5
 Silence                  Hex/Air        7%         N/A       63%         5
 Spellforged Servitor     Conj/Summ      22%        N/A       98%         7
 Disjunction              Tloc           7%         N/A       100%        8
 Tornado                  Air            7%         N/A       100%        9


Dungeon Overview and Level Annotations

Branches:
Dungeon (1/1)

Altars:
Ashenzari
Cheibriados
Dithmenos
Elyvilon
Fedhas
Gozag
Hepliaklqana
Kikubaaqudgha
Makhleb
Nemelex Xobeh
Okawaru
Qazlal
Ru
Sif Muna
Trog
Uskayaw
Vehumet
Wu Jian
Xom
Yredelemnul
Zin
The Shining One
Beogh
Jiyva
Lugonu


Innate Abilities, Weirdness & Mutations

You cannot wear most types of armour.
You are amphibious.
You can wear up to eight rings at the same time.
Your skin changes colour to match your surroundings (Stealth+).
Your rubbery body absorbs attacks. (AC +1, EV +1)
((You are camouflaged near water. (Stealth+)))
You have tentacles for arms and can constrict up to eight enemies at once.


Message History

Your grab misses the +1 flail of holy wrath.
You squeeze the +1 flail of holy wrath.
The +1 flail of holy wrath is lightly damaged.
Your larval shockbat beast misses the +1 flail of holy wrath.
The +1 flail of holy wrath hits you! The fire elemental closely misses you.
The +1 flail of holy wrath closely misses you.
Your larval shockbat beast closely misses the +1 flail of holy wrath.
Unknown command.
You tentacle-slap the +1 flail of holy wrath but do no damage.
You grab the +1 flail of holy wrath.
You squeeze the +1 flail of holy wrath, but do no damage.
The +1 flail of holy wrath is lightly damaged.
You constrict the +1 flail of holy wrath.
Your larval shockbat beast hits the +1 flail of holy wrath.
The fire elemental misses you. x2; The +1 flail of holy wrath misses you.
The fire elemental closely misses you.
The deep elf knight hits your larval shockbat beast with a +0 long sword!
Your larval shockbat beast dies!
Your larval shockbat beast's corpse disappears in a puff of smoke!
Unknown command.
You tentacle-slap the +1 flail of holy wrath but do no damage.
The +1 flail of holy wrath is moderately damaged.
You constrict the +1 flail of holy wrath.
The fire elemental closely misses you. The +1 flail of holy wrath hits you!!
The fire elemental closely misses you. x2; The +1 flail of holy wrath hits you.
Unknown command.
As you read the scroll of fear, it crumbles to dust.
You assume a fearsome visage.
The fire elemental is unaffected.
The deep elf knight looks frightened!
The +1 flail of holy wrath is unaffected.
The fire elemental is unaffected.
The deep elf archer looks frightened!
You constrict the +1 flail of holy wrath, but do no damage.
The +1 flail of holy wrath hits you!!
* * * LOW HITPOINT WARNING * * *
The deep elf archer blinks!
The fire elemental hits you.
* * * LOW HITPOINT WARNING * * *
The fire elemental burns you!
* * * LOW HITPOINT WARNING * * *
The fire elemental hits you. The fire elemental burns you!
You die...

▓..|"=..▓
▓..e:)..▓
▓.......▓
▓...§...▓
▓.......▓
▓....e..▓
▓..E(E..▓
▓...@...▓
▓▓▓▓▓▓▓▓▓


You could see a deep elf archer (repels missiles, fleeing), a deep elf knight
(fleeing), 2 fire elementals and a +1 flail of holy wrath.

Vanquished Creatures
  An orc high priest (D)
  A deep elf knight (D)
  A deep elf zephyrmancer (D)
  2 deep elf archers (D)
  A deep elf pyromancer (D)
  A hornet (D)
  A water elemental (D)
  4 spriggans (D)
  2 tarantellas (D)
  3 black bears (D)
  2 wolves (D)
  A phantom (D)
  2 earth elementals (D)
  2 scorpions (D)
  A ball python skeleton (D)
25 creatures vanquished.

Vanquished Creatures (others)
  4 foxfires (D)
4 creatures vanquished.

Grand Total: 29 creatures vanquished

Notes
Turn   | Place    | Note
-------+----------+-------------------------------------------
     0 | D        | Zeld the Octopode Fire Elementalist began the quest for the
                  | Orb.
     0 | D        | Reached XP level 1. HP: 11/11 MP: 3/3
     0 | D        | Found a shimmering blue altar of Sif Muna.
     0 | D        | Found a sacrificial altar of Ru.
     0 | D        | Found a bloodstained altar of Trog.
     0 | D        | Found a stormy altar of Qazlal.
     0 | D        | Found an iron altar of Okawaru.
     0 | D        | Found a sparkling altar of Nemelex Xobeh.
     0 | D        | Found a blossoming altar of Fedhas.
     1 | D        | Found the +6 Majin-Bo {vamp, MP+6 Int+6}
     1 | D        | Found the +9 heavy crossbow "Sniper" {vorpal, Acc+∞ SInv}
     1 | D        | Found the +10 dark maul {vorpal}
     1 | D        | Found the +15 Maxwell's patent armour {-Cast -Tele rElec
                  | Will+ rCorr}
     1 | D        | Found the +18 shield of the Gong {rElec rN+ Will+ EV-5}
     1 | D        | Found the +14 obsidian axe {vorpal, Drain Fly SInv}
     1 | D        | Found the +7 great mace "Firestarter" {inner flame, rF++}
     1 | D        | Found the +6 shillelagh "Devastator" {shatter}
     1 | D        | Found the +11 plutonium sword {Contam Stlth-}
     1 | D        | Found the +8 lance "Wyrmbane" {slay drac, rPois rF+ rC+
                  | AC+3}
     1 | D        | Found the +9 sword of Zonguldrok {reap}
     1 | D        | Found the +13 scythe of Curses {drain, Drain}
     1 | D        | Found the +5 sword of Power {vorpal}
     1 | D        | Found the +7 mace of Variability {chain chaos}
     1 | D        | Found the +7 Singing Sword {vorpal, sonic wave}
     1 | D        | Found the +8 storm bow {elec, penet}
     1 | D        | Banished a spatial maelstrom
     3 | D        | Found a transporter.
     3 | D        | Found an ancient bone altar of Kikubaaqudgha.
     3 | D        | Found a viscous altar of Jiyva.
     3 | D        | Found a corrupted altar of Lugonu.
     3 | D        | Found a hazy altar of Hepliaklqana.
     3 | D        | Found a burning altar of Makhleb.
     3 | D        | Found an opulent altar of Gozag.
    66 | D        | Became a worshipper of Sif Muna the Loreminder
    67 | D        | Reached skill level 6 in Fire Magic
    67 | D        | Reached XP level 2. HP: 17/17 MP: 3/6
   153 | D        | Entered arena 2.
   153 | D        | Noticed a phantom
   153 | D        | Found a transporter.
   155 | D        | Killed a phantom
   156 | D        | Reached skill level 1 in Fighting
   156 | D        | Reached XP level 3. HP: 24/24 MP: 6/8
   156 | D        | Reached XP level 4. HP: 29/29 MP: 7/10
   156 | D        | Reached * piety under Sif Muna
   163 | D        | Learned a level 3 spell: Conjure Flame
   168 | D        | Learned a level 4 spell: Sticky Flame
   420 | D        | Entered arena 3.
   420 | D        | Noticed a spriggan
   420 | D        | Noticed a black bear
   420 | D        | Noticed a wolf
   420 | D        | Found a transporter.
   423 | D        | Killed a black bear
   423 | D        | Killed a spriggan
   424 | D        | Reached skill level 5 in Spellcasting
   424 | D        | Reached skill level 5 in Conjurations
   424 | D        | Reached skill level 8 in Fire Magic
   424 | D        | Reached XP level 5. HP: 37/37 MP: 11/13
   424 | D        | Reached XP level 6. HP: 43/43 MP: 11/14
   431 | D        | Learned a level 5 spell: Fireball
   711 | D        | Entered arena 4.
   711 | D        | Noticed a tarantella
   711 | D        | Noticed a tarantella
   711 | D        | Found a transporter.
   712 | D        | Reached ** piety under Sif Muna
   713 | D        | Reached skill level 9 in Fire Magic
   713 | D        | Reached XP level 7. HP: 48/48 MP: 9/15
   713 | D        | Killed a tarantella
   713 | D        | Killed a tarantella
   714 | D        | Reached skill level 5 in Fighting
   714 | D        | Reached skill level 5 in Dodging
   720 | D        | Got Pista's Handbook of the Flamy Traveller
   893 | D        | Entered arena 5.
   893 | D        | Noticed a deep elf knight
   893 | D        | Noticed a +2 battleaxe of distortion
   893 | D        | Noticed a deep elf archer
   893 | D        | Noticed a water elemental
   893 | D        | Found a transporter.
   895 | D        | Killed a water elemental
   895 | D        | Reached *** piety under Sif Muna
   895 | D        | Killed a deep elf archer
   896 | D        | Reached skill level 10 in Fire Magic
   896 | D        | Reached XP level 8. HP: 57/57 MP: 6/18
   897 | D        | Killed a deep elf knight
   898 | D        | Reached skill level 11 in Fire Magic
   898 | D        | Reached skill level 10 in Invocations
   898 | D        | Reached XP level 9. HP: 34/63 MP: 1/20
   907 | D        | Entered arena 6.
   907 | D        | Noticed a deep elf pyromancer
   907 | D        | Noticed a deep elf zephyrmancer
   907 | D        | Noticed an orc high priest
   907 | D        | Found a transporter.
   914 | D        | Killed an orc high priest
   915 | D        | Killed a deep elf pyromancer
   916 | D        | Reached skill level 12 in Fire Magic
   916 | D        | Killed a deep elf zephyrmancer
   916 | D        | Reached **** piety under Sif Muna
   917 | D        | Reached XP level 10. HP: 43/72 MP: 1/22
  1471 | D        | Entered arena 7.
  1471 | D        | Noticed a spriggan rider
  1472 | D        | Identified the +3 short sword of the Extremes {vorpal,
                  | Str+3}
  1481 | D        | Reached ***** piety under Sif Muna
  1481 | D        | Identified Sif Muna's Tome of Displaced Conjuration (Sif
                  | Muna gifted it to you in the Dungeon)
  1481 | D        | Received a gift from Sif Muna
  1495 | D        | Learned a level 6 spell: Starburst
  1495 | D        | Found a transporter.
  1512 | D        | Got the Handbook of Combat Magic
  1516 | D        | Got the ring "Lumiehau" {Will+ rCorr}
  1670 | D        | Entered arena 8.
  1670 | D        | Noticed a deep elf knight
  1670 | D        | Noticed a +1 flail of holy wrath
  1670 | D        | Noticed a deep elf archer
  1670 | D        | Noticed a deep elf archer
  1672 | D        | Killed a deep elf archer
  1673 | D        | Reached skill level 13 in Fire Magic
  1678 | D        | Slain by a fire elemental

Illustrated notes

Levels and vault maps discovered:
D:        sprint_v [room_start, room_1, room_2, room_3, room_4, room_5, room_6,
          room_7, room_8, room_9, room_10, room_11, room_12, room_13, room_14,
          room_15, room_16, room_17, room_18, room_19, room_20, room_21,
          room_22, room_23, room_24, room_25, room_26, room_27]

Skill      XL: |  1  2  3  4  5  6  7  8  9 10 |
---------------+-------------------------------+-----
Spellcasting   | 3 4 5 6 7 8 |  8.7
Conjurations   | 3 4 5 7 8 9 |  9.1
Fire Magic     | 6 8 9 10 11 12 13 | 13.0
Fighting       | 1 3 4 6 7 8 |  8.4
Invocations    | 3 6 7 9 10 11 12 | 12.6
Dodging        | 4 6 7 8 |  8.6
Stealth        | |  2.6

Action                   |  1- 3 |  4- 6 |  7- 9 | 10-12 || total
-------------------------+-------+-------+-------+-------++-------
Melee: Unarmed           |       |     1 |       |     5 ||     6
       Tentacles         |       |     1 |       |     3 ||     4
       Constrict         |       |     1 |       |     2 ||     3
 Cast: Foxfire           |     2 |       |       |       ||     2
       Fireball          |       |     1 |    11 |     7 ||    19
Invok: Channel Magic     |       |       |     2 |     1 ||     3
Evoke: Lightning rod     |     2 |     4 |     1 |     6 ||    13
       Wand              |       |       |     2 |     5 ||     7
       Box of beasts     |       |       |       |     1 ||     1
  Use: Potion            |     1 |       |       |     4 ||     5
       Scroll            |       |       |     4 |     2 ||     6
Armor: Skin              |       |       |       |     3 ||     3
Dodge: Dodged            |       |     1 |     6 |    31 ||    38

Table legend: (Time is in decaauts)
 A = Elapsed time spent in this place.
 B = Non-inter-level travel time spent in this place.
 C = Inter-level travel time spent in this place.
 D = Time resting spent in this place.
 E = Time spent auto-exploring this place.
 F = Levels seen in this place.
 G = Mean time per level.
                   A        B        C        D        E       F      G
               +--------+--------+--------+--------+--------+-----+--------+
         Total |   1676 |   1676 |      0 |   1426 |     35 |   1 | 1676.0 |
       Dungeon |   1676 |   1676 |      0 |   1426 |     35 |   1 | 1676.0 |
               +--------+--------+--------+--------+--------+-----+--------+

Top non-repeatable levels by time:
       D: 1676 daAuts
